Map: Ascension to Aiur LE

Players

Scarlett - Winner!

  • Race: Zerg Zerg
  • League: Diamond
  • Spawn Location: 5:00

DnS

  • Race: Protoss Protoss
  • League: Grandmaster
  • Spawn Location: 11:00

Event: HomeStory Cup XVI

VOD

Have the link to the VOD?

Description

Time

  • Played on: Nov. 10, 2017, 12:15 p.m.
  • Length: 9:25

All games in this series

Show
View Real Time Build Order
Export as new Build Order

Scarlett Zerg - Winner!

Build Orders: Hatch First 

Get SALT Encoding   

  12  0:00  Drone  
  13  0:12  Overlord  
  13  0:17  Drone  
  14  0:30  Drone x2  
  14  0:34  Drone  
  17  0:51  Hatchery  
  17  0:54  Drone  
  17  0:58  Drone  
  18  1:09  Extractor  
  17  1:13  Spawning Pool  
  17  1:15  Drone  
  17  1:20  Drone  
  18  1:28  Drone  
  19  1:38  Overlord  
  19  1:49  Drone  
  20  2:00  Queen  
  20  2:01  Zergling x2  
  23  2:03  Queen, Drone  
  26  2:11  Drone  
  26  2:14  Metabolic Boost  
  27  2:16  Drone  
  28  2:28  Drone x2  
  30  2:32  Drone  
  31  2:43  Hatchery  
  30  2:45  Overlord  
  30  2:47  Drone x2  
  32  2:52  Queen  
  32  2:55  Drone  
  35  3:00  Drone  
  36  3:10  Zergling x12  
  42  3:13  Zergling x2  
  42  3:16  Overlord  
  43  3:20  Drone  
  41  3:42  Drone x5  
  41  3:46  Drone  
  41  3:47  Drone x2  
  48  3:57  Overlord  
  48  3:58  Queen  
  48  3:59  Drone x2  
  52  4:03  Evolution Chamber  
  52  4:04  Queen  
  52  4:08  Drone x4  
  52  4:09  Overlord  
  57  4:16  Spore Crawler  
  56  4:18  Spore Crawler  
  56  4:19  Queen  
  56  4:24  Zergling x8  
  61  4:34  Pneumatized Carapace, Zerg Melee Weapons Level 1  
  61  4:38  Extractor  
  59  4:40  Drone x6  
  64  4:46  Overlord  
  64  4:47  Queen  
  65  4:54  Baneling Nest  
  65  4:56  Drone x3  
  65  4:59  Queen  
  68  5:08  Overlord  
  68  5:09  Zergling x10  
  73  5:25  Zergling x18  
  82  5:34  Queen  
  84  5:41  Overlord  
  84  5:48  Zergling x12  
  90  5:50  Hatchery  
  90  5:56  Overlord  
  88  6:00  Baneling x6  
  88  6:01  Baneling x2, Zergling x2  
  88  6:02  Zergling x10  
  93  6:16  Overlord  
  93  6:17  Zergling x12  
  93  6:18  Zergling x4  
  101  6:22  Overlord  
  101  6:23  Drone x2  
  95  6:47  Drone x7  
  96  6:49  Overlord  
  96  6:50  Zerg Missile Weapons Level 1  
  97  7:05  Lair  
  97  7:06  Overlord  
  97  7:07  Queen  
  99  7:14  Drone x3  
  99  7:15  Drone x6  
  108  7:18  Extractor  
  108  7:19  Overlord x5, Hatchery  
  108  7:20  Extractor  
  101  7:41  Drone x5  
  106  7:45  Zergling x6  
  106  7:46  Zergling x12  
  106  7:47  Baneling  
  106  7:48  Baneling x6  
  111  8:09  Drone x3  
  111  8:10  Drone  
  111  8:11  Drone x7  
  111  8:12  Hydralisk Den  
  110  8:13  Extractor, Drone x2  
  110  8:14  Extractor, Drone x3  
  109  8:42  Zergling x22  
  109  8:45  Hydralisk  
  109  8:46  Hydralisk x7  
  128  8:55  Hydralisk x3, Zergling x2  
  129  8:56  Zergling x4  
  137  9:02  Baneling  
  137  9:03  Baneling x3  
Show
View Real Time Build Order
Export as new Build Order

DnS Protoss 

Build Orders: Nexus First, Oracle Opening, Zealot Archon 

Get SALT Encoding   

  12  0:02  Probe (Chrono Boost)  
  14  0:14  Probe (Chrono Boost)  
  14  0:18  Pylon  
  14  0:26  Probe (Chrono Boost)  
  15  0:32  Probe (Chrono Boost)  
  15  0:40  Probe (Chrono Boost)  
  17  0:57  Nexus  
  17  1:07  Gateway  
  18  1:12  Probe (Chrono Boost)  
  18  1:15  Assimilator  
  18  1:18  Probe (Chrono Boost)  
  18  1:24  Assimilator  
  19  1:26  Probe (Chrono Boost)  
  21  1:40  Gateway, Probe (Chrono Boost)  
  21  1:52  Probe (Chrono Boost)  
  22  1:55  Cybernetics Core  
  22  2:02  Probe (Chrono Boost)  
  22  2:05  Probe (Chrono Boost)  
  23  2:08  Probe (Chrono Boost)  
  23  2:13  Probe (Chrono Boost)  
  25  2:18  Probe (Chrono Boost)  
  27  2:25  Probe (Chrono Boost)  
  29  2:30  Adept, Probe (Chrono Boost)  
  29  2:31  Warp Gate, Adept  
  34  2:37  Probe (Chrono Boost)  
  34  2:39  Pylon  
  34  2:42  Probe (Chrono Boost)  
  35  2:49  Probe (Chrono Boost)  
  36  2:54  Probe (Chrono Boost)  
  36  2:57  Stargate  
  37  3:01  Adept, Probe (Chrono Boost)  
  41  3:07  Probe (Chrono Boost)  
  41  3:10  Probe (Chrono Boost), Pylon  
  42  3:16  Probe (Chrono Boost)  
  42  3:19  Probe (Chrono Boost)  
  43  3:23  Gateway  
  45  3:28  Probe (Chrono Boost)  
  45  3:31  Probe (Chrono Boost)  
  45  3:32  Oracle  
  46  3:40  Probe (Chrono Boost)  
  45  3:43  Probe (Chrono Boost)  
  45  3:45  Shield Battery  
  49  3:52  Adept x2, Probe (Chrono Boost)  
  49  3:55  Shield Battery, Probe (Chrono Boost)  
  53  3:59  Pylon  
  53  4:01  Assimilator  
  53  4:02  Assimilator  
  54  4:04  Probe (Chrono Boost)  
  54  4:16  Oracle  
  54  4:19  Probe x2 (Chrono Boost)  
  59  4:25  Twilight Council  
  59  4:26  Forge  
  59  4:27  Robotics Facility  
  59  4:31  Probe (Chrono Boost)  
  60  4:40  Protoss Ground Weapons Level 1  
  60  4:50  Adept  
  60  4:51  Zealot, Charge  
  60  5:00  Gateway  
  60  5:02  Nexus  
  60  5:06  Templar Archives  
  60  5:10  Pylon  
  60  5:13  Pylon  
  60  5:17  Warp Prism  
  62  5:29  Gateway  
  62  5:30  Gateway  
  62  5:35  Gateway  
  64  5:37  Gateway, Probe x2 (Chrono Boost)  
  64  5:42  Phoenix, Shield Battery  
  64  5:47  Pylon  
  64  5:49  Probe x2 (Chrono Boost)  
  68  5:57  High Templar  
  68  5:58  High Templar, Zealot x2  
  68  6:01  Archon  
  77  6:05  Probe (Chrono Boost)  
  77  6:08  Shield Battery  
  77  6:09  Shield Battery  
  77  6:11  Shield Battery  
  77  6:13  Shield Battery  
  67  6:28  High Templar x2, Zealot  
  67  6:29  Zealot  
  67  6:32  Archon  
  62  6:36  Probe x2 (Chrono Boost)  
  62  6:46  Zealot x2  
  66  6:50  Probe x2 (Chrono Boost)  
  66  6:53  Pylon  
  69  6:55  Pylon  
  69  6:59  Probe (Chrono Boost)  
  69  7:00  Protoss Ground Weapons Level 2  
  65  7:04  Probe (Chrono Boost)  
  65  7:06  Probe (Chrono Boost)  
  62  7:09  Observer  
  65  7:16  Probe (Chrono Boost)  
  65  7:18  Probe (Chrono Boost)  
  65  7:22  High Templar x2  
  70  7:28  Archon, Probe (Chrono Boost)  
  72  7:30  Probe (Chrono Boost)  
  65  7:39  Probe x2 (Chrono Boost)  
  67  7:45  Probe x2 (Chrono Boost)  
  67  7:48  High Templar x2  
  73  7:54  Archon  
  73  7:55  Probe (Chrono Boost)  
  73  7:57  Probe (Chrono Boost)  
  75  7:59  Pylon  
  75  8:00  Pylon  
  76  8:07  Probe (Chrono Boost)  
  76  8:09  Probe (Chrono Boost)  
  73  8:19  Probe (Chrono Boost)  
  75  8:21  Gateway, Probe (Chrono Boost)  
  75  8:22  Gateway  
  75  8:23  Gateway  
  75  8:30  High Templar  
  75  8:31  High Templar, Zealot x2, Probe (Chrono Boost)  
  75  8:33  Probe (Chrono Boost)  
  85  8:35  Archon  
  85  8:56  High Templar x2  
  85  9:00  Archon, Pylon  
  89  9:03  Pylon  
  77  9:17  Zealot  
  77  9:18  Zealot  
Tags
 
Add a new tag
Caveats
  • Supply blocks, unpowered buildings, or Contaminate may cause inaccurate times.
  • Supply counts are checked every 10 seconds.